 Dungeon Crawl Stone Soup version 0.23-a0-644-gb60d84b635 (webtiles) character file.

1605 kirei the Conjurer (level 8, -1/60 HPs)
             Began as a Demonspawn Wanderer on Jan 1, 2019.
             Was a Follower of Kikubaaqudgha.
             Slain by a worker ant (4 damage)
             ... on level 6 of the Dungeon on Dec 9, 2020.
             The game lasted 00:35:23 (6852 turns).

kirei the Conjurer (Demonspawn Wanderer)            Turns: 6852, Time: 00:35:24

Health: -1/60      AC:  5    Str: 10    XL:     8   Next: 63%
Magic:  17/17      EV: 11    Int: 19    God:    Kikubaaqudgha [*.....]
Gold:   237        SH:  0    Dex: 15    Spells: 8/19 levels left

rFire    + + +     SeeInvis .   b - +2 short sword (freeze)
rCold    . . .     Gourm    .   (no shield)
rNeg     + . .     Faith    .   c - +2 robe {rF+}
rPois    +         Spirit   .   (helmet restricted)
rElec    .         Reflect  .   n - +0 cloak "Yvaxi" {rPois rF++ rCorr Str-2} (curse)
rCorr    +         Harm     .   (no gloves)
MR       .....                  (no boots)
Stlth    +.........             (no amulet)
HPRegen  0.20/turn              h - ring of Xewyulug {rN+ Dex+3 Stlth-}
MPRegen  0.15/turn              d - +2 ring of intelligence

@: lethally poisoned (-1 -> -5)
A: claws 1, hooves 1, horns 2, powered by death 1
a: Receive Corpses, Renounce Religion


You were on level 6 of the Dungeon.
You worshipped Kikubaaqudgha.
Kikubaaqudgha was aware of your devotion.
You were not hungry.

You visited 2 branches of the dungeon, and saw 7 of its levels.

You collected 237 gold pieces.

Inventory:

Hand Weapons
 b - a +2 short sword of freezing (weapon)
Armour
 c - a +2 robe of fire resistance (worn)
 n - the cursed +0 cloak "Yvaxi" (worn) {rPois rF++ rCorr Str-2}
   (You found it on level 6 of the Dungeon)

   It affects your strength (-2).
   It greatly protects you from fire.
   It protects you from poison.
   It provides partial protection from all sources of acid and corrosion.
   It has a curse placed upon it.
Jewellery
 d - a +2 ring of intelligence (right claw)
 h - the ring of Xewyulug (left claw) {rN+ Dex+3 Stlth-}
   (You found it on level 5 of the Dungeon)

   [ring of attention]

   It affects your dexterity (+3).
   It protects you from negative energy.
   It makes you less stealthy.
 l - an uncursed ring of protection from cold
Wands
 m - a wand of random effects (19)
Scrolls
 a - a scroll of immolation
 e - 2 scrolls of teleportation
 j - a scroll of identify
Potions
 f - a potion of mutation
 i - a potion of cancellation
 k - 2 potions of lignification
Comestibles
 g - 4 rations


   Skills:
 + Level 4.2 Fighting
 - Level 1.7 Stealth
 + Level 6.2 Spellcasting
 + Level 6.7 Conjurations
 + Level 5.5 Necromancy
   Level 2.0 Poison Magic


You had 8 spell levels left.
You knew the following spells:

 Your Spells              Type           Power        Failure   Level  Hunger
a - Magic Dart            Conj           ####         1%          1    None
b - Animate Skeleton      Necr           N/A          1%          1    None
c - Searing Ray           Conj           ####..       1%          2    None
d - Iskenderun's Mystic   Conj           ####....     7%          4    ####...
e - Dazzling Spray        Conj/Hex       ###...       9%          3    ##.....

Your spell library contained the following spells:

 Spells                   Type           Power        Failure   Level  Hunger
 Pain                     Necr           ####         1%          1    None
 Sublimation of Blood     Necr           ####......   1%          2    None
 Vampiric Draining        Necr           ####......   3%          3    ##.....
 Force Lance              Conj/Tloc      ###.....     26%         4    ####...
 Fulminant Prism          Conj/Hex       ###.......   26%         4    ####...


Dungeon Overview and Level Annotations

Branches:
Dungeon (6/15)             Temple (1/1) D:4

Altars:
Ashenzari
Cheibriados
Dithmenos
Fedhas
Gozag
Hepliaklqana
Kikubaaqudgha
Makhleb
Nemelex Xobeh
Okawaru
Qazlal
Ru
Sif Muna
Trog
Uskayaw
Wu Jian
Yredelemnul

Annotations:
D:6 Zigma's ghost, novice DrMo


Innate Abilities, Weirdness & Mutations

You have sharp fingernails.
You have large cloven feet.
You have a pair of horns on your head.
You regenerate a little health from kills.


Message History

You feel sick. The worker ant bites you!
* * * LOW HITPOINT WARNING * * *
The giant cockroach bites you but does no damage.
Zigma's ghost whispers, "Meet the emptiness of death!"
You feel sick. The worker ant barely misses you.
The giant cockroach bites you but does no damage.
You feel sick. The worker ant bites you.
* * * LOW HITPOINT WARNING * * *
The giant cockroach bites you but does no damage.
* * * LOW HITPOINT WARNING * * *
You feel sick. The worker ant misses you. The giant cockroach bites you.
* * * LOW HITPOINT WARNING * * *
The worker ant closely misses you.
The giant cockroach bites you but does no damage.
* * * LOW HITPOINT WARNING * * *
You feel sick. The giant cockroach barely misses you.
The worker ant bites you but does no damage.
The worker ant bites you.
You die...
Kikubaaqudgha rasps: "You have failed me!
Welcome... death!"

###########.##########
.>........#.#.........
#########.#.#.########
.########.#.#.#########
...........<..........#.#
###########.#####........
#.# #.......#. ..#
#......... ##.#
#@a.......
........s..###.#
.#########.....#
##.....W.##.#..
#8..#.#..8#.# .
#.?#...#..#.# #......
.!#.. #....©. .)#©..


You could see a worker ant, Zigma's ghost and a giant cockroach.

Vanquished Creatures
  Grinder (D:3)
  Prince Ribbit (D:5)
  Sigmund (D:4)
  A sky beast (D:6)
  An ice beast (D:6)
  A centaur (D:5)
  A jelly (D:5)
  2 crimson imps (D:6)
  3 hounds
  3 orc priests (D:5)
  4 orc wizards
  3 centaur skeletons (D:5)
  2 iguanas (D:4)
  3 worker ants
  A hound skeleton (D:5)
  3 gnolls (D:3)
  2 adders (D:4)
  A shadow imp (D:5)
  An ooze (D:2)
  A worm (D:2)
  6 dart slugs
  4 leopard geckos
  11 orcs
  2 ball pythons
  12 bats
  5 giant cockroaches
  10 goblins
  4 hobgoblins
  9 jackals
  13 kobolds
  4 quokkas
  5 frilled lizards
  A quokka skeleton (D:4)
  4 rats
126 creatures vanquished.

Notes
Turn   | Place    | Note
-------+----------+-------------------------------------------
     0 | D:1      | kirei the Demonspawn Wanderer began the quest for the Orb.
     0 | D:1      | kirei set off with the following items: a potion of
                  | lignification, a +0 robe, a +0 club, a +0 dagger, a ration;
                  | and the following spells available to memorise: Magic Dart,
                  | Searing Ray, Animate Skeleton, Dazzling Spray, Iskenderun's
                  | Mystic Blast, Vampiric Draining, Force Lance, Fulminant
                  | Prism
     0 | D:1      | Reached XP level 1. HP: 13/13 MP: 4/4
     2 | D:1      | Learned a level 1 spell: Magic Dart
     4 | D:1      | Learned a level 1 spell: Animate Skeleton
   231 | D:1      | Reached skill level 1 in Necromancy
   231 | D:1      | Gained mutation: You have sharp fingernails. [demonic
                  | ancestry]
   231 | D:1      | Reached XP level 2. HP: 19/19 MP: 3/6
   342 | D:1      | Learned a level 2 spell: Searing Ray
   800 | D:1      | Reached XP level 3. HP: 24/24 MP: 2/7
  1317 | D:2      | Found a deep blue altar of Sif Muna.
  1498 | D:2      | Found a sparkling altar of Nemelex Xobeh.
  1623 | D:2      | Gained mutation: You have a pair of small horns on your
                  | head. [demonic ancestry]
  1623 | D:2      | Reached XP level 4. HP: 30/30 MP: 9/9
  1957 | D:3      | Found a shadowy altar of Dithmenos.
  2196 | D:3      | Noticed Grinder
  2233 | D:3      | Killed Grinder
  2233 | D:3      | Gained mutation: You have large cloven feet. [demonic
                  | ancestry]
  2233 | D:3      | Reached XP level 5. HP: 26/35 MP: 0/11
  2233 | D:3      | Reached XP level 6. HP: 31/41 MP: 0/12
  3320 | D:4      | Reached skill level 5 in Conjurations
  3609 | D:4      | Reached skill level 1 in Fighting
  3906 | D:4      | Found a staircase to the Ecumenical Temple.
  3915 | Temple   | Entered the Ecumenical Temple
  4132 | Temple   | Became a worshipper of Kikubaaqudgha
  4185 | D:4      | Gained mutation: You have a pair of horns on your head.
                  | [demonic ancestry]
  4185 | D:4      | Reached XP level 7. HP: 42/48 MP: 7/14
  4300 | D:4      | Noticed Sigmund
  4318 | D:4      | Killed Sigmund
  4318 | D:4      | Reached skill level 5 in Spellcasting
  4617 | D:4      | Found a shadowy altar of Dithmenos.
  4938 | D:4      | Found a hazy altar of Hepliaklqana.
  5092 | D:5      | Entered Level 5 of the Dungeon
  5426 | D:5      | Got a heavily runed wooden ring
  5517 | D:5      | Found a basalt altar of Yredelemnul.
  5681 | D:5      | Identified the ring of Xewyulug {rN+ Dex+3 Stlth-} (You
                  | found it on level 5 of the Dungeon)
  5699 | D:5      | Learned a level 4 spell: Iskenderun's Mystic Blast
  5703 | D:5      | Learned a level 3 spell: Dazzling Spray
  5703 | D:5      | Noticed Prince Ribbit
  5735 | D:5      | Gained mutation: You regenerate a little health from kills.
                  | [demonic ancestry]
  5735 | D:5      | Reached XP level 8. HP: 58/58 MP: 1/16
  5846 | D:5      | Killed Prince Ribbit
  5954 | D:5      | Found an ornate altar of the Wu Jian Council.
  6043 | D:5      | Reached skill level 5 in Necromancy
  6660 | D:6      | Got a crude cloak
  6666 | D:6      | Identified the cursed +0 cloak "Yvaxi" {rPois rF++ rCorr
                  | Str-2} (You found it on level 6 of the Dungeon)
  6710 | D:6      | Reached * piety under Kikubaaqudgha
  6710 | D:6      | Identified Kikubaaqudgha's Collected Works on Evil Rites
                  | (Kikubaaqudgha gifted it to you on level 6 of the Dungeon)
  6710 | D:6      | Received a gift from Kikubaaqudgha
  6820 | D:6      | Noticed Zigma's ghost (novice DrMo)
  6851 | D:6      | HP: 3/60 [poisoned by a worker ant]
  6852 | D:6      | Slain by a worker ant

Vault maps used:
D:1:      dpeg_arrival_simpleton_a, due_unseen_surprise
D:2:      old_standard_altar, nemelex_xobeh_ov_fountains_minmay
D:3:      first_ration, nicolae_dithmenos_through_a_glass_darkly, uniq_grinder
D:4:      kennysheep_mini_moat, lemuel_round_altar, lemuel_temple_firewalk_a,
          minmay_starry_boxes, uniq_sigmund
D:5:      lemuel_crystal_altar, yredelemnul_altar_generic, uniq_prince_ribbit1
D:6:      gammafunk_ghost_arena, abandoned_shop
Temple:   minmay_temple_curvy_loop

Skill      XL: |  1  2  3  4  5  6  7  8 |
---------------+-------------------------+-----
Necromancy     | 1 2 3 4 5 |  5.5
Spellcasting   | 4 5 6 |  6.2
Conjurations   | 4 5 6 |  6.7
Fighting       | 1 3 4 |  4.2
Stealth        | |  1.7
Poison Magic   | |  2.0

Action                   |  1- 3 |  4- 6 |  7- 9 || total
-------------------------+-------+-------+-------++-------
Melee: Short sword       |    65 |    71 |    75 ||   211
       Headbutt          |       |     7 |    12 ||    19
       Kick              |       |    10 |    27 ||    37
 Cast: Magic Dart        |    50 |    67 |    47 ||   164
       Animate Skeleton  |     2 |       |     1 ||     3
       Searing Ray       |     1 |     4 |     7 ||    12
       Iskenderun's Myst |       |       |     7 ||     7
       Dazzling Spray    |       |       |     1 ||     1
  Use: Scroll            |     3 |     3 |     2 ||     8
       Potion            |       |     2 |     1 ||     3
 Stab: Sleeping          |     4 |     3 |     1 ||     8
  Eat: Chunk             |     2 |     6 |     2 ||    10
       Ration            |       |     1 |     2 ||     3
Armor: Robe              |    23 |    10 |    43 ||    76
       Skin              |       |     6 |       ||     6
Dodge: Dodged            |    49 |    42 |    74 ||   165

Table legend:
 A = Non-vault XP
 B = Vault XP
 C = Vault XP percentage of total XP
 D = Non-vault monster count
 E = Vault monster count
 F = Vault count percentage of total count
                 A         B        C        D         E       F
            +---------+---------+-------+---------+---------+-------
      Total |    1451 |     842 |  36.7 |     119 |       7 |   5.6
            +---------+---------+-------+---------+---------+-------
        D:1 |      47 |       0 |   0.0 |      25 |       0 |   0.0
        D:2 |      62 |       0 |   0.0 |      28 |       0 |   0.0
        D:3 |     164 |     290 |  63.9 |      26 |       1 |   3.7
        D:4 |     215 |     293 |  57.7 |      11 |       5 |  31.2
        D:5 |     606 |     259 |  29.9 |      24 |       1 |   4.0
        D:6 |     357 |       0 |   0.0 |       5 |       0 |   0.0
            +---------+---------+-------+---------+---------+-------
